Unix NetHack Version 3.7.0-87 Work-in-progress - last build Jul 6 2023 03:31:47 (95ed96c5f904f8c939670f77da02ce65a080bf33,branch:master). Game began 2023-07-10 17:33:11, ended 2023-07-12 14:30:43. spontiff, neutral male gnomish Healer ---- ---- --..| ------ |..-- --- ----...--- |....| |...| ---.-- |....(...| ---....| |...---....| ---- -----........-----...---- --- ---.......-| --..| --..............(|....---------------.-- --.......| |...--- |....-.--......------..................| ##|...-...| |...[.| |......|--......| ----------------..-- --#......-# --....| ---....| |.....-- --).--- ---).)*...-# ----|.|.-- ----- --.^-- |..--..| --.......[.).......-# #|..--.|-- ...oo----..-- ----|..- --....--------.---#.#--- -#.<...| -.@......-- --.. |.....| |.| |....---.....--- ----...d..-- ... --....-- ----.| |--[...........| --.......| >.. --....---.--..| --....--........| |.......-- ---- |-......-...-- |....-----.....-- --...^..| |.........--- |..--- --.....-- ---.|..| -..--.....---- ---- --.#--...-- ----.| ..-----......| |..| --...| --- |..- ---.|.-- |..| |..-- --- ----- ---- ---- Spontiff the Rhizotomist St:14 Dx:10 Co:18 In:8 Wi:15 Ch:16 Neutral S:452 Dlvl:9 $:0 HP:45(53) Pw:8(8) AC:-9 Xp:1/13 T:20841 Stressed Latest messages: The large dog misses Flench's ghost. The large dog misses Flench's ghost. The large dog misses Flench's ghost. The dwarf pulls free of the bear trap. The large dog misses Flench's ghost. The large dog misses Flench's ghost. The large dog misses Flench's ghost. The large dog bites the gnome. The gnome misses the large dog. The large dog bites the gnome. The gnome is killed! The large dog misses Flench's ghost. The large dog bites Flench's ghost. Flench's ghost misses the large dog. The large dog misses Flench's ghost. The large dog misses Flench's ghost. The large dog misses Flench's ghost. The large dog misses Flench's ghost. The large dog misses Flench's ghost. The large dog misses Flench's ghost. You fall into a pit! You land on a set of sharp iron spikes! You hear some noises in the distance. What do you want to use or apply? [cfklostxS or ?*] f What do you want to use or apply? [cfklostxS or ?*] f You are still in a pit. You are still in a pit. You are still in a pit. You are still in a pit. You are still in a pit. You hear some noises in the distance. You are still in a pit. You crawl to the edge of the pit. The large dog misses Flench's ghost. The large dog misses Flench's ghost. The large dog misses Flench's ghost. Flench's ghost strikes at your displaced image and misses you! The large dog misses Flench's ghost. The large dog misses Flench's ghost. The large dog misses Flench's ghost. The large dog misses Flench's ghost. The large dog misses Flench's ghost. You stumble into a spider web! The hill orc strikes at your displaced image and misses you! The large dog bites it. It touches the large dog. The hill orc hits! Really quit? [yes|n] (n) yes Do you want your possessions identified? [ynq] (y) y Do you want to see the dungeon overview? [ynq] (y) q Inventory: Armor h - an uncursed corroded +2 helmet (being worn) g - an uncursed +1 pair of leather gloves (being worn) v - an uncursed +2 pair of iron shoes (being worn) r - an uncursed burnt +0 small shield (being worn) q - a blessed +1 cloak of displacement (being worn) Comestibles y - an uncursed apple J - an uncursed carrot o - a blessed eucalyptus leaf n - an uncursed food ration j - a cursed sprig of wolfsbane p - an uncursed tripe ration i - an uncursed lizard corpse Wands S - an uncursed wand of sleep (0:0) Tools f - an uncursed oilskin sack containing 53 items x - a cursed magic lamp (lit) k - an uncursed skeleton key s - an uncursed stethoscope t - an uncursed towel c - an uncursed +0 unicorn horn Gems/Stones l - an uncursed luckstone Contents of the oilskin sack: 192 gold pieces an uncursed +0 dart the cursed rustproof +3 Vorpal Blade a cursed +1 pair of leather gloves an uncursed +0 pair of fumble boots a cursed +0 pair of iron shoes a cursed fireproof +0 pair of speed boots a cursed +0 small shield a cursed +0 cloak of magic resistance an uncursed +0 mummy wrapping a cursed +0 mummy wrapping a cursed +0 robe a cursed +0 leather armor 9 cursed apples 2 uncursed cloves of garlic an uncursed food ration 5 uncursed food rations a cursed food ration 2 cursed food rations a cursed sprig of wolfsbane an uncursed tripe ration a cursed lizard corpse 4 uncursed scrolls of blank paper an uncursed scroll of destroy armor a cursed scroll of destroy armor an uncursed scroll of food detection an uncursed scroll of identify an uncursed scroll of light a cursed scroll of punishment a cursed scroll of teleportation an uncursed spellbook of detect treasure an uncursed potion of extra healing 4 cursed potions of healing a blessed potion of speed 2 potions of unholy water a cursed ring of invisibility a cursed ring of polymorph a cursed ring of shock resistance a cursed wand of sleep (0:0) an uncursed wand of striking (0:5) a cursed wand of striking (0:0) an empty cursed bag of holding a cursed wooden flute a cursed brass lantern a cursed magic lamp a cursed oil lamp an uncursed +0 pick-axe 2 uncursed fluorite stones an uncursed jade stone an uncursed jet stone 2 uncursed worthless pieces of black glass 2 cursed luckstones a cursed touchstone Spontiff the Healer's attributes: Background: You were a Rhizotomist, a level 1 male gnomish Healer. You were neutral, on a mission for Hermes who was opposed by Athena (lawful) and Poseidon (chaotic). You were in the Gnomish Mines, on level 9. You entered the dungeon 20841 turns ago. You had 13 experience points, 7 more were needed to attain level 2. Your score was 452 before end-of-game adjustments. Basics: You had 45 out of 53 hit points. You had all 8 energy points (spell power). Your armor class was -9. Your wallet was empty, but you had 192 zorkmids stashed away in your pack. Autopickup was on for '$!/="?' plus thrown, with exceptions. Final Characteristics: Your strength was 14 (limit:18/50). Your dexterity was 10 (limit:18). Your constitution was 18 (limit:18). Your intelligence was 8 (limit:19). Your wisdom was 15 (limit:18). Your charisma was 16 (limit:18). Final Status: You were trapped in a web. You were not hungry. You were stressed; movement was moderately slowed. You were empty handed. You were unskilled in bare handed combat. Final Attributes: You were piously aligned. You were poison resistant. You had infravision. You were displaced. You had a moderate defense bonus (+9). You were warded. You were lucky. You had extra luck. Bad luck did not time out for you. Good luck did not time out for you. You survived. Miscellaneous: You encountered 3 bones levels. Total elapsed playing time was 9 hours, 18 minutes and 36 seconds. Major events: Turn 1: spontiff the neutral male gnomish Healer entered the dungeon 1364: entered the Gnomish Mines 2624: found Snickersnee on the floor 5668: reached Mine Town 7161: entered Sokoban 8062: completed 1st Sokoban level 9013: completed 2nd Sokoban level 9438: completed 3rd Sokoban level 17613: the Oracle has been killed 20722: found Vorpal Blade on the floor 20841: quit Vanquished creatures: the Oracle 3 ghosts 2 water demons 4 small mimics a gargoyle a human mummy 4 watchmen 2 leprechauns 2 giant spiders a black light a lizard a dog 8 water moccasins 2 human zombies 4 rock piercers 2 rock moles a pony a fog cloud a yellow light 6 shriekers 2 gnome leaders 2 gnomish wizards 2 kobold mummies 3 elf zombies a paper golem 7 giant ants a little dog 3 floating eyes 4 kittens 12 dwarves 4 homunculi 2 kobold leaders 2 kobold shamans 2 hill orcs 10 rothes 2 centipedes 2 giant bats 8 orc zombies 8 dwarf zombies 5 wererats 4 werejackals 11 iguanas 2 killer bees 6 acid blobs 6 coyotes 3 gas spores 8 hobbits 6 manes 6 large kobolds 3 hobgoblins 10 giant rats 9 cave spiders 3 yellow molds 4 green molds 4 red molds 16 gnomes 8 garter snakes 13 gnome zombies 18 geckos 32 jackals 7 foxes 4 kobolds 5 goblins 10 sewer rats 14 grid bugs 5 bats 17 lichens 7 kobold zombies 27 newts 398 creatures vanquished. No species were genocided or became extinct. Voluntary challenges: You never hit with a wielded weapon. You read items or engraved 7 times. You engraved Elbereth 1 time. You never genocided any monsters. You never polymorphed an object. You never changed form. You used no wishes. You violated the special Sokoban rules twice. Achievements: You entered the Gnomish Mines. You entered a temple. You entered a shop. You entered Minetown. You entered Sokoban. The Dungeons of Doom: levels 1 to 8 Level 1: Level 2: Level 3: Stairs down to The Gnomish Mines. Level 4: "Stashlet" Level 5: Oracle of Delphi. Level 6: Stairs up to Sokoban, level 5. Level 7: A health food store. Level 8: The Gnomish Mines: levels 4 to 9 Level 4: Level 5: Level 6: A grave. Final resting place for xororand-Pri-Hum-Mal-Neu, killed by a boiling potion. Level 7: Many shops, a temple, some fountains. Level 8: Some graves. Final resting place for WizzyTheWeird-Wiz-Hum-Mal-Neu, killed by Mr. Rellenk; the shopkeeper, while sleeping off a magical draught, xororand-Pri-Hum-Mal-Neu, killed by a horse, samiam-Wiz-Hum-Mal-Cha, killed by a hallucinogen-distorted ettin mummy, while moving through the air. Level 9: "bones / polytrap (g about)" <- You were here. A grave. Final resting place for Flench-Hea-Gno-Fem-Neu, killed by a gargoyle, while frozen by a floating eye's gaze. Sokoban: levels 5 up to 2 Level 2: Unsolved. Level 3: Solved. Level 4: Solved. Level 5: Solved. Goodbye spontiff the Healer... You quit in The Gnomish Mines on dungeon level 9 with 452 points, and 192 pieces of gold, after 20841 moves. You were level 1 with a maximum of 53 hit points when you quit.